 Dungeon Crawl Stone Soup version 0.30-a0-782-ge64f9170bb (webtiles) character file.

Game seed: 2743189195892409175

53 Leeroy the Changer (level 3, 0/23 HPs)
             Began as an Octopode Transmuter on Feb 22, 2023.
             Slain by a goblin
             ... wielding a +0 dagger
              (3 damage)
             ... on level 4 of the Dungeon.
             The game lasted 00:01:07 (809 turns).

Leeroy the Changer (Octopode Transmuter)             Turns: 809, Time: 00:01:08

Health: 0/23       AC:  1    Str:  9    XL:     3   Next: 89%
Magic:  6/6        EV: 13    Int: 17    God:
Gold:   76         SH:  0    Dex: 12    Spells: 5/6 levels left

rFire   . . .      SeeInvis .      - Unarmed
rCold   . . .      Faith    .    (no shield)
rNeg    . . .      Spirit   .    (helmet restricted)
rPois   .          Reflect  .    (no amulet)
rElec   .          Harm     .    (no ring)
rCorr   .          Rampage  .    (no ring)
Will    .....                    (no ring)
Stlth   ++                       (no ring)
HPRegen 0.23/turn                (no ring)
MPRegen 0.10/turn                (no ring)
                                 (no ring)
                                 (no ring)

@: no status effects
A: almost no armour, amphibious, 8 rings, camouflage 1, gelatinous body 1,
(nimble swimmer 1), tentacles
a: no special abilities


You were on level 4 of the Dungeon.
You visited 1 branch of the dungeon, and saw 3 of its levels.

You collected 76 gold pieces.

Inventory:

Missiles
 f - a throwing net
Scrolls
 b - a scroll of identify {unknown}
 e - a scroll of immolation {unknown}
Potions
 a - 2 potions of lignification
 c - 2 potions of berserk rage {unknown}
 d - 2 potions of invisibility {unknown}
 g - a potion of attraction {unknown}


   Skills:
 - Level 1.0 Fighting
 - Level 2.0 Dodging
 - Level 3.0 Unarmed Combat
 - Level 2.0 Spellcasting
 + Level 4.1 Transmutations


You had 5 spell levels left.
You knew the following spells:

 Your Spells              Type           Power      Damage    Failure   Level
a - Beastly Appendage     Tmut           30%        N/A       3%          1

Your spell library contained the following spells:

 Spells                   Type           Power      Damage    Failure   Level
 Wereblood                Tmut           15%        N/A       5%          2
 Spider Form              Tmut/Pois      8%         N/A       26%         3
 Ice Form                 Ice/Tmut       8%         N/A       63%         4


Dungeon Overview and Level Annotations

Branches:
Dungeon (2/15)

Altars:


Innate Abilities, Weirdness & Mutations

You cannot wear most types of armour.
You are amphibious.
You can wear up to eight rings at the same time.
Your skin changes colour to match your surroundings (Stealth+).
Your rubbery body absorbs attacks. (AC +1, EV +1)
((You are camouflaged when in or above water. (Stealth+)))
You have tentacles for arms and can constrict up to eight enemies at once.


Message History

The giant cockroach is moderately wounded.
You constrict the giant cockroach.
The giant cockroach bites you but does no damage.
You tentacle-slap the giant cockroach but do no damage.
You squeeze the giant cockroach.
You kill the giant cockroach!
The gnoll hits you with a +0 club. The gnoll closely misses you.
You see here a giant cockroach corpse.
You are too injured to fight recklessly!
You are too injured to fight recklessly!
You tentacle-slap the gnoll. Your grab misses the gnoll.
The gnoll is heavily wounded.
The gnoll hits you with a +0 club.
* * * LOW HITPOINT WARNING * * *
You tentacle-slap the gnoll but do no damage.
Your grab misses the gnoll.
The gnoll is heavily wounded.
The gnoll completely misses you.
You closely miss the gnoll. Your grab misses the gnoll.
The gnoll is heavily wounded.
The gnoll barely misses you.
You tentacle-slap the gnoll. Your grab misses the gnoll.
Your squeeze misses the gnoll.
The gnoll is heavily wounded.
The gnoll closely misses you.
You tentacle-slap the gnoll. Your grab misses the gnoll.
The gnoll is heavily wounded.
The gnoll hits you with a +0 club.
* * * LOW HITPOINT WARNING * * *
You completely miss the gnoll. Your grab misses the gnoll.
The gnoll is heavily wounded.
The gnoll misses you.
You tentacle-slap the gnoll. You grab the gnoll. You squeeze the gnoll.
You kill the gnoll!
Your Transmutations skill increases to level 4!
You tentacle-slap the goblin. Your grab misses the goblin.
The goblin is heavily wounded.
The goblin hits you with a +0 dagger.
You die...

### ##.####
#.....#
#.###..# #.# .#
#######†####.##
.....$.@ggg...#
.......####....
#####.. #. ....
#.### #. #


You could see 2 gnolls and a goblin.

Vanquished Creatures
  A gnoll (D:4)
  2 dart slugs (D:1)
  An orc (D:4)
  4 bats (D:1)
  An endoplasm (D:1)
  2 giant cockroaches
  3 goblins
  6 hobgoblins (D:1)
  2 jackals (D:2)
  A quokka (D:1)
  3 ball pythons
  4 frilled lizards
  4 kobolds (D:1)
  2 rats (D:1)
36 creatures vanquished.

Notes
Turn   | Place    | Note
-------+----------+-------------------------------------------
     0 | D:1      | Leeroy the Octopode Transmuter began the quest for the Orb.
     0 | D:1      | Reached XP level 1. HP: 13/13 MP: 3/3
   181 | D:1      | Reached XP level 2. HP: 17/18 MP: 5/5
   299 | D:1      | Reached skill level 3 in Transmutations
   365 | D:1      | Reached XP level 3. HP: 18/23 MP: 6/6
   786 | D:2      | You fall into a shaft and drop 2 floors!
   809 | D:4      | Reached skill level 4 in Transmutations
   809 | D:4      | Slain by a goblin

Illustrated notes

Levels and vault maps discovered:
D:1:      onia_arrival_mini_spirals, layout_loops_ring
D:2:      layout_basic, hellmonk_ecumenical_altar_inner_sanctum,
          serial_bayou_pond_a, minmay_misc_feat_room, kennysheep_generic_room_4
D:4:      layout_rooms, uniq_robin, uniq_natasha, uniq_pikel, uniq_grinder

Skill      XL: |  1  2  3 |
---------------+----------+-----
Transmutations | 3 4 |  4.1
Fighting       | |  1.0
Dodging        | |  2.0
Unarmed Combat | |  3.0
Spellcasting   | |  2.0

Action                     || total
---------------------------++-------
  Melee: Unarmed           ||    88
         Constrict         ||    23
         Tentacles         ||    17
         Punch             ||     1
   Stab: Sleeping          ||     8
         Distracted        ||     1
 Armour: Skin              ||     9
  Dodge: Dodged            ||    41

Table legend: (Time is in decaauts)
 A = Elapsed time spent in this place.
 B = Non-inter-level travel time spent in this place.
 C = Inter-level travel time spent in this place.
 D = Time resting spent in this place.
 E = Time spent auto-exploring this place.
 F = Levels seen in this place.
 G = Mean time per level.
                   A        B        C        D        E       F      G
               +--------+--------+--------+--------+--------+-----+--------+
         Total |    803 |    776 |     27 |      0 |    561 |   3 |  267.7 |
       Dungeon |    803 |    776 |     27 |      0 |    561 |   3 |  267.7 |
               +--------+--------+--------+--------+--------+-----+--------+

Top non-repeatable levels by time:
     D:1: 746 daAuts
     D:2: 34 daAuts
     D:4: 22 daAuts
